 Dungeon Crawl Stone Soup version 0.28-a0-1406-ga8dd43b1d0 (webtiles) character file.

Game seed: 17172392624216162159

93 Grim the Cudgeller (level 4, -4/39 HPs)
             Began as a Minotaur Fighter on Jan 6, 2022.
             Killed by divine providence
             ... invoked by an orc priest
              (13 damage)
             ... on level 3 of the Dungeon.
             The game lasted 00:03:03 (2283 turns).

Grim the Cudgeller (Minotaur Fighter)               Turns: 2283, Time: 00:03:05

Health: -4/39      AC: 11    Str: 22    XL:     4   Next: 36%
Magic:  3/3        EV:  6    Int:  5    God:
Gold:   97         SH:  4    Dex: 10    Spells: 3/3 levels left

rFire   . . .      SeeInvis .   a - +0 flail
rCold   . . .      Faith    .   c - +0 buckler
rNeg    . . .      Spirit   .   j - +0 plate armour
rPois   .          Reflect  .   (helmet restricted)
rElec   .          Harm     .   (no cloak)
rCorr   .          Rampage  .   (no gloves)
Will    .....                   (no boots)
Stlth   ..........              (no amulet)
HPRegen 0.13/turn               (no ring)
MPRegen 0.08/turn               (no ring)

@: no status effects
A: horns 2, retaliatory headbutt
a: no special abilities


You were on level 3 of the Dungeon.
You visited 1 branch of the dungeon, and saw 4 of its levels.

You collected 97 gold pieces.

Inventory:

Hand Weapons
 a - a +0 flail (weapon)
Missiles
 e - 20 poisoned darts (quivered)
Armour
 b - a +0 scale mail
 c - a +0 buckler (worn)
 j - a +0 plate armour (worn)
Scrolls
 f - a scroll of teleportation {unknown}
 i - 2 scrolls of enchant armour {unknown}
 k - a scroll of fog {unknown}
 l - a scroll of torment {unknown}
Potions
 d - a potion of might
 g - 2 potions of berserk rage {unknown}
 h - a potion of invisibility {unknown}


   Skills:
 - Level 3.6 Fighting
 + Level 5.7 Maces & Flails
 - Level 3.6 Armour
 - Level 3.6 Shields


You had 3 spell levels left.
You didn't know any spells.
Your spell library was empty.

Dungeon Overview and Level Annotations

Branches:
Dungeon (4/15)
 Temple: D:4-7

Altars:


Innate Abilities, Weirdness & Mutations

You have a pair of horns on your head.
You reflexively headbutt those who attack you in melee.


Message History

Things that are here:
a +4 hand axe of flaming; a +0 leather armour; a +0 club The orc priest looks encouraged for a moment.
The orc priest calls down the wrath of Beogh upon you.
Beogh smites you!
* * * LOW HITPOINT WARNING * * *
What are your orders? t - Shout!
Orders for allies: a - Attack new target. r - Retreat! s - Stop attacking. g - Guard the area. f - Follow me.
Anything else - Cancel.
Okay, then.
Really walk into that dispersal trap?
You enter a dispersal trap!
The orc blinks!
The dart slug blinks!
You blink.
You sock the orc!
You kill the orc!
The hound zombie bites you but does no damage.
The hound zombie bites you.
* * * LOW HITPOINT WARNING * * *
Things that are here:
a +0 mace; an orc corpse You barely miss the hound zombie.
You block the hound zombie's attack.
You barely miss the hound zombie.
The hound zombie bites you but does no damage.
The hound zombie bites you.
* * * LOW HITPOINT WARNING * * *
You barely miss the hound zombie. You block the hound zombie's attack.
You thump the hound zombie!
The hound zombie is severely damaged.
The hound zombie bites you.
* * * LOW HITPOINT WARNING * * *
You sock the hound zombie!
The hound zombie is almost destroyed.
The hound zombie bites you.
* * * LOW HITPOINT WARNING * * *
The hound zombie bites you but does no damage.
The orc priest mumbles some strange prayers to Beogh against you.
Beogh smites you!
You die...

.... .... ....
.... ###### ..
#....# #.##.#
#@##.#############
#Z##.............#
#o##############.#
#o...Z.........#'#
##############....
#.... #..). #^...
#....


You could see 2 orc priests and a hound zombie.

Vanquished Creatures
  Robin (D:2)
  3 adders
  A worm (D:2)
  3 orcs (D:3)
  2 ball pythons
  4 bats
  15 goblins
  8 hobgoblins
  3 kobolds (D:1)
  A quokka (D:1)
  2 frilled lizards (D:1)
  2 rats
45 creatures vanquished.

Notes
Turn   | Place    | Note
-------+----------+-------------------------------------------
     0 | D:1      | Grim the Minotaur Fighter began the quest for the Orb.
     0 | D:1      | Reached XP level 1. HP: 19/19 MP: 0/0
   304 | D:1      | Reached skill level 3 in Maces & Flails
   478 | D:1      | Reached XP level 2. HP: 26/26 MP: 1/1
  1110 | D:2      | Noticed Robin
  1142 | D:1      | Reached skill level 4 in Maces & Flails
  1144 | D:1      | Reached XP level 3. HP: 9/31 MP: 2/2
  1469 | D:2      | HP: 1/31 [goblin[Robin] (1)]
  1832 | D:2      | Killed Robin
  1833 | D:2      | Reached skill level 5 in Maces & Flails
  1895 | D:2      | You fall into a shaft and drop 2 floors!
  1998 | D:3      | Reached XP level 4. HP: 28/39 MP: 3/3
  2283 | D:3      | Killed from afar by an orc priest

Illustrated notes

Levels and vault maps discovered:
D:1:      mrwooster_arrival_arrow, layout_loops_corners
D:2:      layout_rooms, kennysheep_generic_room_12, uniq_robin
D:3:      layout_basic, minmay_splitting_lines
D:4:      layout_loops_corners, amcnicky_altar_gilded, general_overflow_altar,
          old_standard_altar, minmay_temple_entry_butterflies,
          minmay_ruined_shrine

Skill      XL: |  1  2  3 |
---------------+----------+-----
Maces & Flails | 3 4 5 |  5.7
Fighting       | |  3.6
Armour         | |  3.6
Shields        | |  3.6

Action                   |  1- 3 |  4- 6 || total
-------------------------+-------+-------++-------
Melee: Flail             |    91 |    20 ||   111
       Headbutt          |    10 |     3 ||    13
Armor: Scale mail        |    49 |       ||    49
       Plate armour      |    11 |    11 ||    22
Dodge: Dodged            |    46 |     3 ||    49
Block: Buckler           |    35 |     4 ||    39

Table legend: (Time is in decaauts)
 A = Elapsed time spent in this place.
 B = Non-inter-level travel time spent in this place.
 C = Inter-level travel time spent in this place.
 D = Time resting spent in this place.
 E = Time spent auto-exploring this place.
 F = Levels seen in this place.
 G = Mean time per level.
                   A        B        C        D        E       F      G
               +--------+--------+--------+--------+--------+-----+--------+
         Total |   2311 |   2276 |     35 |    636 |   1230 |   4 |  577.8 |
       Dungeon |   2311 |   2276 |     35 |    636 |   1230 |   4 |  577.8 |
               +--------+--------+--------+--------+--------+-----+--------+

Top non-repeatable levels by time:
     D:1: 1821 daAuts
     D:3: 316 daAuts
     D:2: 96 daAuts
     D:4: 75 daAuts
